 Dungeon Crawl Stone Soup version 0.31.0-32-g396128a36d (webtiles) character file.

Game seed: 4577672693190935312

141660 tizbic2 the Warrior (level 16, -4/155 HPs)
             Began as a Minotaur Fighter on Mar 27, 2024.
             Was the Champion of Qazlal.
             Slain by a culicivora (13 damage)
             ... led by a broodmother
             ... on level 4 of the Spider Nest.
             The game lasted 01:19:27 (16242 turns).

tizbic2 the Warrior (Minotaur Fighter)             Turns: 16242, Time: 01:19:28

Health: -4/155     AC: 29    Str: 30    XL:     16   Next: 55%
Magic:  22/22      EV: 18    Int:  2    God:    Qazlal [******]
Gold:   911        SH: 22    Dex: 15    Spells: 15/15 levels left

rFire   . . .        X - +0 broad axe
rCold   . . .        y - +0 kite shield
rNeg    + . .        Y - +3 chain mail of Xanoch {rCorr Dex+3}
rPois   .            (helmet restricted)
rElec   .            G - +1 cloak of the Iron City of Dis {rN+ Int-3 Dex+3}
rCorr   +            s - +2 pair of gloves
SInv    +            K - +2 pair of boots
Will    +....        L - amulet of regeneration Stlth
                     q - +5 ring of evasion
HPRegen 1.25/turn    P - ring of see invisible
MPRegen 0.18/turn

%: repel missiles
@: spiked, protected from physical damage, on berserk cooldown, slowed, very
slow
A: horns 2, retaliatory headbutt
a: Renounce Religion, Upheaval, Elemental Force, Disaster Area


You were on level 4 of the Spider Nest.
You worshipped Qazlal.
Qazlal was exalted by your worship.
You visited 4 branches of the dungeon, and saw 24 of its levels.
You also visited: Sewer and Ossuary.

You collected 1586 gold pieces.
You spent 675 gold pieces at shops.

Inventory:

Hand Weapons
 a - the +9 mace of the Dwarven Hall {flame, rC+ Will+}
   (You took it off an orc wizard on level 7 of the Dungeon)

   rC+:       It protects you from cold.
   Will+:     It increases your willpower.
 f - a +1 whip of electrocution
 w - a +1 demon whip of protection
 X - a +0 broad axe (weapon)
Missiles
 j - 8 boomerangs
 x - 110 poisoned darts (quivered)
 M - 7 curare-tipped darts
Armour
 s - a +2 pair of gloves (worn)
 y - a +0 kite shield (worn)
 G - the +1 cloak of the Iron City of Dis (worn) {rN+ Int-3 Dex+3}
   (You found it on level 13 of the Dungeon)

   Int-3:     It affects your intelligence (-3).
   Dex+3:     It affects your dexterity (+3).
   rN+:       It protects you from negative energy.
 K - a +2 pair of boots (worn)
 Y - the +3 chain mail of Xanoch (worn) {rCorr Dex+3}
   (You took it off an orc warrior on level 13 of the Dungeon)

   Dex+3:     It affects your dexterity (+3).
   rCorr:     It protects you from acid and corrosion.
Jewellery
 p - a ring of positive energy
 q - a +5 ring of evasion (left hand)
 v - a ring of resist corrosion
 L - an amulet of regeneration (around neck)
 P - a ring of see invisible (right hand)
 U - a ring of poison resistance
 W - an amulet of the acrobat
Wands
 b - a wand of flame (56)
 l - a wand of charming (19)
 u - a wand of mindburst (5)
 H - a wand of polymorph (2)
 J - a wand of roots (2)
 R - a wand of quicksilver (8)
Scrolls
 e - 3 scrolls of noise
 h - 3 scrolls of amnesia
 k - 5 scrolls of teleportation
 n - 4 scrolls of revelation
 t - 2 scrolls of blinking
 B - 2 scrolls of immolation
 I - a scroll of vulnerability
 S - a scroll of fog
 T - 9 scrolls of identify
 V - a scroll of poison
 Z - a scroll of fear
Potions
 d - 5 potions of might
 i - 3 potions of heal wounds
 m - 3 potions of haste
 o - 2 potions of enlightenment
 r - a potion of ambrosia
 z - 2 potions of magic
 A - 2 potions of mutation
 C - 2 potions of resistance
 D - 3 potions of lignification
 E - 2 potions of attraction
 N - 2 potions of invisibility
 O - 7 potions of curing
Miscellaneous
 c - a box of beasts
 F - a phantom mirror


   Skills:
 * Level 17.0 Fighting
 - Level 11.9(14.0) Axes
 - Level 11.9(14.0) Maces & Flails
 + Level 6.6 Throwing
 + Level 14.6 Armour
 - Level 8.0 Dodging
 * Level 16.0 Shields
 + Level 10.0 Invocations


You had 15 spell levels left.
You didn't know any spells.
Your spell library contained the following spells:

 Spells                   Type           Power      Damage    Failure   Level
 Freeze                   Ice            0%         1d3       94%         1
 Sandblast                Erth           0%         2d4       94%         1
 Sublimation of Blood     Necr           0%         N/A       98%         2
 Call Canine Familiar     Summ           0%         N/A       100%        3
 Frozen Ramparts          Ice            0%         1d1       100%        3
 Hailstorm                Conj/Ice       0%         3d5       100%        3
 Sigil of Binding         Hex            0%         N/A       100%        3
 Stone Arrow              Conj/Erth      0%         3d7       100%        3
 Summon Ice Beast         Ice/Summ       0%         N/A       100%        3
 Tukima's Dance           Hex            0%         N/A       100%        3
 Animate Armour           Summ/Erth      0%         N/A       100%        4
 Brom's Barrelling Bould  Conj/Erth      0%         2d3       100%        4
 Dimensional Bullseye     Hex/Tloc       0%         N/A       100%        4
 Leda's Liquefaction      Alch/Erth      0%         N/A       100%        4
 Passage of Golubria      Tloc           0%         N/A       100%        4
 Petrify                  Alch/Erth      0%         N/A       100%        4
 Alistair's Intoxication  Alch           0%         N/A       100%        5
 Borgnjor's Vile Clutch   Necr/Erth      0%         N/A       100%        5
 Irradiate                Conj/Alch      0%         3d11      100%        5
 Lee's Rapid Deconstruct  Erth           0%         3d4*      100%        5
 Metabolic Englaciation   Hex/Ice        0%         N/A       100%        5
 Yara's Violent Unravell  Hex/Alch       0%         3d3       100%        5
 Eringya's Noxious Bog    Alch           0%         4d6       100%        6
 Sculpt Simulacrum        Ice/Alch       0%         N/A       100%        6
 Lehudib's Crystal Spear  Conj/Erth      0%         10d2      100%        8
 Shatter                  Erth           0%         3d5*      100%        9


Dungeon Overview and Level Annotations

Branches:
Dungeon (14/15)            Temple (1/1) D:4            Lair (5/5) D:10
  Swamp (0/4) Lair:3       Spider (4/4) Lair:2        Slime (0/5) Lair:4
    Orc (0/2) D:11         Vaults (0/5) D:14          Sewer (visited)
Ossuary (visited)

Altars:
Ashenzari
Cheibriados
Dithmenos
Elyvilon
Fedhas
Gozag
Hepliaklqana
Kikubaaqudgha
Makhleb
Nemelex Xobeh
Okawaru
Qazlal
Ru
Sif Muna
Trog
Uskayaw
Vehumet
Wu Jian
Xom
Yredelemnul
Zin
The Shining One
Jiyva

Shops:
D:11 =

Annotations:
Spider:4 Donald


Innate Abilities, Weirdness & Mutations

You have a pair of horns on your head.
You reflexively headbutt those who attack you in melee.


Message History

A freezing mist starts to gather...
Donald completely misses you. You furiously retaliate!
You headbutt Donald.
Your Invocations skill increases to level 10!
A jumping spider simulacrum comes into view.
You slash the broodmother! You headbutt the broodmother.
The broodmother is severely wounded.
You slice the culicivora!! You hit Donald.
You hit the steelbarb worm but do no damage.
You block the broodmother's attack. You block the steelbarb worm's attack.
The culicivora closely misses you. You block the broodmother's attack.
The steelbarb worm hits you!!
Barbed spikes become lodged in your body.
The culicivora bites you but does no damage.
Donald hits you but does no damage. The sun moth bites you!
* * * LOW HITPOINT WARNING * * *
The broodmother bites you.
* * * LOW HITPOINT WARNING * * *
A spider bursts forth from the wound!
The steelbarb worm misses you.
You feel much better.
The culicivora chitters at the broodmother.
The broodmother is healed somewhat.
The broodmother misses you. You block the steelbarb worm's attack.
Donald says, "There, on the ceiling!
And on that wall!"
Donald gestures wildly while chanting.
Donald seems to speed up.
You block the sun moth's attack.
The culicivora bites you but does no damage.
The broodmother bites you!!
* * * LOW HITPOINT WARNING * * *
The steelbarb worm completely misses you.
You furiously retaliate!
You headbutt the steelbarb worm.
You block the jumping spider simulacrum's attack.
The jumping spider simulacrum barely misses you.
The orb spider is engulfed in a thunderstorm.
Donald says, "Must be pretty hard to see through all that dust."
Donald hits you with a +0 scimitar!!
* * * LOW HITPOINT WARNING * * *
The sun moth closely misses you. You furiously retaliate!
You headbutt the sun moth, but do no damage.
The culicivora bites you!
You die...

#.........
.#.........#
.......^.^#s#
.......... .#
..[#.....##.#
.^..s#○†○...#
.#...°Zsw#..#
#....§s@†#..#
.^##^.@#y°<.#
....s§☼.....#
.....#...s..#
..##.##..#..#
. . #.....# .
!.....# ..
.#..##.#
...... ^#


You could see a broodmother (berserk, soul bound), Donald (fast, strong,
reflecting), a steelbarb worm (berserk, soul bound), a sun moth (soul bound), 3
orb spiders, a culicivora (soul bound) and a jumping spider simulacrum.

Vanquished Creatures
  An emperor scorpion (Spider:1)
  An ironbound preserver (D:14)
  Nessos (Lair:4)
  Snorg (Lair:4)
  A spark wasp (Spider:1)
  The ghost of cdecastro the Fighter, a journeyman AtWr of Hepliaklqana (D:13)
  4 entropy weavers
  A rakshasa (D:12)
  10 hydras
  A catoblepas (Lair:5)
  5 boulder beetles
  3 two-headed ogres
  4 centaur warriors
  A jorogumo (Spider:3)
  5 demonic crawlers
  4 death yaks (Lair:5)
  A deep troll shaman (Lair:5)
  A shock serpent (shapeshifter) (D:13)
  Amaemon (D:8)
  2 pharaoh ants
  6 skysharks
  9 skeletal warriors
  2 orb spiders (Spider:3)
  A bog body (Lair:3)
  2 lindwurms (Lair:5)
  An arcanist (D:13)
  6 deep elf pyromancers
  4 steelbarb worms
  2 wolf spiders
  14 ugly things
  3 moths of wrath
  8 cyclopes
  2 manticores
  7 meliai
  Maurice (D:7)
  10 elephants (Lair:5)
  5 black mambas
  An orange demon (D:8)
  A gargoyle (D:12)
  A torpor snail (Spider:4)
  An unseen horror (D:10)
  2 rime drakes
  9 cane toads
  A kobold demonologist (D:11)
  8 komodo dragons
  A tengu conjurer (D:14)
  5 polar bears
  9 trolls
  A hornet (Lair:1)
  17 tarantellas
  12 blink frogs
  5 dream sheep (Lair:5)
  3 slime creatures (D:14)
  22 jumping spiders
  4 wraiths
  13 culicivoras
  A shadow (D:12)
  2 vampires
  35 yaks
  A spriggan (shapeshifter) (D:14)
  2 wyverns
  8 basilisks
  5 steam dragons
  29 redbacks
  19 water moccasins
  An acid dragon (D:11)
  Duvessa (D:4)
  14 orc warriors
  An ice beast (D:7)
  A black bear (Lair:2)
  A laughing skull (D:14)
  3 ogres
  27 wolves
  2 centaurs
  2 phantoms
  17 kobold brigands
  A weeping skull (Ossuary)
  2 necrophages (Sewer)
  9 bullfrogs
  A scorpion (D:7)
  A gnoll sergeant (D:9)
  3 water moccasin zombies (Ossuary)
  13 wights
  Dowan (D:4)
  6 killer bees (D:8)
  5 electric eels
  A bombardier beetle (D:5)
  2 hounds
  2 jellies (D:7)
  A gnoll bouda (D:6)
  11 orc priests
  2 sleepcaps
  4 hell rats (Lair:3)
  12 orc wizards
  A bullfrog simulacrum (Ossuary)
  2 crocodile zombies (Ossuary)
  2 mummies (Ossuary)
  11 gnolls
  4 adders
  A river rat (D:4)
  3 shadow imps (Sewer)
  A white imp (D:7)
  8 ufetubi
  2 adder zombies (Ossuary)
  4 dart slugs
  4 ribbon worms (D:4)
  50 orcs
  10 endoplasms
  5 giant cockroaches
  6 goblins
  3 hobgoblins
  9 jackals
  5 quokkas
  5 ball pythons
  9 bats
  A frilled lizard (D:1)
  6 gnoll zombies (Ossuary)
  6 jackal zombies (Ossuary)
  30 kobolds
  2 orc zombies (Ossuary)
  10 rats
697 creatures vanquished.

Vanquished Creatures (collateral kills)
  A vampire mosquito (D:12)
1 creature vanquished.

Vanquished Creatures (others)
  An orc wizard (D:4)
  An adder zombie (Ossuary)
  3 spectral weapons
5 creatures vanquished.

Grand Total: 703 creatures vanquished

Notes
Turn   | Place    | Note
-------+----------+-------------------------------------------
     0 | D:1      | tizbic2 the Minotaur Fighter began the quest for the Orb.
     0 | D:1      | Reached XP level 1. HP: 19/19 MP: 0/0
   184 | D:1      | Reached XP level 2. HP: 27/27 MP: 1/1
   248 | D:1      | Found a faded altar of an unknown god.
   662 | D:2      | Reached skill level 4 in Fighting
   665 | D:2      | Reached XP level 3. HP: 33/33 MP: 2/2
  1835 | D:3      | Found a bloodstained altar of Trog.
  1943 | D:3      | Reached XP level 4. HP: 40/40 MP: 3/3
  2307 | D:4      | Found a staircase to the Ecumenical Temple.
  2322 | Temple   | Entered the Ecumenical Temple
  2368 | Temple   | Became a worshipper of Qazlal Stormbringer
  2530 | D:4      | Noticed Dowan
  2531 | D:4      | Noticed Duvessa
  2539 | D:4      | Killed Duvessa
  2539 | D:4      | HP: 2/41 [Dowan/shard of ice (26)]
  2540 | D:4      | Reached skill level 5 in Axes
  2540 | D:4      | Reached XP level 5. HP: 3/47 MP: 4/4
  2544 | D:4      | Killed Dowan
  2545 | D:4      | Reached XP level 6. HP: 24/55 MP: 5/5
  2698 | D:4      | Reached skill level 5 in Fighting
  2744 | D:4      | Reached skill level 5 in Shields
  2766 | D:4      | Reached skill level 5 in Armour
  2799 | D:4      | Found a glowing drain.
  2803 | Sewer    | Entered a sewer
  2887 | Sewer    | Reached * piety under Qazlal
  2900 | Sewer    | Found an ancient bone altar of Kikubaaqudgha.
  2986 | Sewer    | Reached XP level 7. HP: 56/61 MP: 6/6
  3452 | D:4      | Found an opulent altar of Gozag.
  3739 | D:5      | Entered Level 5 of the Dungeon
  3795 | D:5      | Found an iron altar of Okawaru.
  3830 | D:5      | Reached skill level 6 in Fighting
  3938 | D:5      | Reached XP level 8. HP: 56/70 MP: 7/7
  4152 | D:5      | Found a sand-covered staircase.
  4159 | Ossuary  | Entered an ossuary
  4174 | Ossuary  | Reached ** piety under Qazlal
  4764 | D:6      | Reached skill level 7 in Fighting
  5110 | D:6      | Reached XP level 9. HP: 75/79 MP: 8/8
  5123 | D:6      | Reached *** piety under Qazlal
  5224 | D:6      | Found a snail-covered altar of Cheibriados.
  5669 | D:7      | Identified the +9 mace of the Dwarven Hall {flame, rC+
                  | Will+}
  5679 | D:7      | Reached skill level 1 in Invocations
  5918 | D:7      | Reached skill level 1 in Maces & Flails
  5922 | D:7      | Noticed a troll
  5929 | D:7      | Killed a troll
  5971 | D:7      | Noticed Maurice
  5977 | D:7      | Maurice stole a storm talisman
  5984 | D:7      | Killed Maurice
  5985 | D:7      | Reached skill level 8 in Fighting
  6444 | D:7      | Reached **** piety under Qazlal
  6801 | D:8      | Reached XP level 10. HP: 86/90 MP: 9/11
  6833 | D:8      | Found an ornate altar of the Wu Jian Council.
  6989 | D:8      | Noticed Amaemon
  6991 | D:8      | Noticed an orange demon
  6997 | D:8      | Killed Amaemon
  6998 | D:8      | Reached skill level 5 in Maces & Flails
  7002 | D:8      | Killed an orange demon
  7222 | D:8      | Identified the +3 dagger "Hatsais" {antimagic, Int+3}
  7352 | D:8      | Found a basalt altar of Yredelemnul.
  7453 | D:8      | Reached skill level 9 in Fighting
  7812 | D:9      | Noticed a two-headed ogre
  7837 | D:9      | Killed a two-headed ogre
  8025 | D:9      | Noticed a two-headed ogre
  8032 | D:9      | Killed a two-headed ogre
  8185 | D:9      | Reached XP level 11. HP: 52/97 MP: 13/13
  8864 | D:10     | Entered Level 10 of the Dungeon
  9084 | D:10     | Reached ***** piety under Qazlal
  9211 | D:10     | Reached skill level 5 in Invocations
  9221 | D:10     | Found a sparkling altar of Nemelex Xobeh.
  9372 | D:10     | Found a staircase to the Lair.
  9439 | D:11     | Found Bumoghip's Jewellery Shoppe.
  9444 | D:11     | Bought an amulet of regeneration for 450 gold pieces
  9449 | D:11     | Bought a ring of see invisible for 225 gold pieces
  9490 | D:11     | Found a staircase to the Orcish Mines.
  9490 | D:11     | Noticed a boulder beetle
  9504 | D:11     | Reached skill level 10 in Fighting
  9504 | D:11     | Reached skill level 10 in Armour
  9534 | D:11     | Killed a boulder beetle
  9535 | D:11     | Reached skill level 10 in Shields
  9721 | D:12     | Noticed a skeletal warrior
  9722 | D:12     | Noticed a skeletal warrior
  9724 | D:12     | Noticed a skeletal warrior
  9724 | D:12     | Noticed a skeletal warrior
  9740 | D:11     | Reached skill level 10 in Axes
  9740 | D:11     | Killed a skeletal warrior
  9741 | D:11     | Reached skill level 10 in Maces & Flails
  9796 | D:12     | Noticed a deep elf pyromancer
  9803 | D:12     | Killed a deep elf pyromancer
  9821 | D:12     | Killed a skeletal warrior
  9822 | D:12     | Killed a skeletal warrior
  9823 | D:12     | Reached XP level 12. HP: 29/108 MP: 15/15
  9958 | D:12     | Noticed a two-headed ogre
  9959 | D:12     | Noticed a centaur warrior
  9965 | D:12     | Killed a centaur warrior
  9971 | D:12     | Killed a two-headed ogre
  9982 | D:12     | Reached skill level 11 in Fighting
  9989 | D:12     | Noticed a rakshasa
 10016 | D:12     | Killed a rakshasa
 10256 | D:13     | Found a runed translucent gate.
 10256 | D:13     | Noticed cdecastro's ghost (journeyman AtWr)
 10256 | D:13     | Identified the +3 chain mail of Xanoch {rCorr Dex+3}
 10257 | D:13     | Found a runed translucent gate.
 10258 | D:13     | Found a runed translucent gate.
 10279 | D:13     | Noticed a boulder beetle
 10289 | D:13     | Killed a boulder beetle
 10342 | D:13     | Reached XP level 13. HP: 61/116 MP: 17/17
 10344 | D:13     | Reached skill level 1 in Dodging
 10512 | D:13     | Reached ****** piety under Qazlal
 10576 | D:13     | Killed cdecastro's ghost
 10632 | D:13     | Identified the +1 cloak of the Iron City of Dis {rN+ Int-3
                  | Dex+3}
 10789 | D:13     | Reached skill level 12 in Fighting
 10915 | D:14     | Reached skill level 1 in Throwing
 11003 | D:14     | Reached skill level 13 in Fighting
 11003 | D:14     | Reached XP level 14. HP: 130/130 MP: 18/18
 11185 | D:14     | Reached skill level 5 in Dodging
 11342 | D:14     | Noticed an ironbound preserver
 11360 | D:14     | Reached skill level 14 in Fighting
 11369 | D:14     | Killed an ironbound preserver
 11482 | D:14     | Found a gate to the Vaults.
 11693 | Lair:1   | Entered Level 1 of the Lair of Beasts
 12400 | Lair:3   | Reached XP level 15. HP: 95/139 MP: 20/20
 12438 | Lair:3   | Found a staircase to the Swamp.
 12481 | Lair:4   | Noticed Nessos
 12496 | Lair:4   | Killed Nessos
 12511 | Lair:4   | Found a staircase to the Slime Pits.
 12511 | Lair:4   | Found a viscous altar of Jiyva.
 12546 | Lair:5   | Entered Level 5 of the Lair of Beasts
 12568 | Lair:5   | Reached skill level 15 in Fighting
 12780 | Lair:5   | Got an earthy gem with 2727 turns to spare
 12788 | Lair:5   | Got Leda's Textbook on the Quarry
 12901 | Lair:5   | Reached skill level 5 in Throwing
 12950 | Lair:5   | Identified the +4 leather armour "Paitol" {Regen+ Int+3
                  | Stlth-}
 13727 | Lair:4   | Noticed Snorg
 13737 | Lair:4   | Killed Snorg
 14904 | Lair:2   | Reached skill level 16 in Fighting
 14930 | Lair:2   | Found a hole to the Spider Nest.
 14945 | Spider:1 | Entered Level 1 of the Spider Nest
 14964 | Spider:1 | Reached skill level 15 in Shields
 15006 | Spider:1 | Reached XP level 16. HP: 109/151 MP: 22/22
 15388 | Spider:1 | Found a hide-covered altar of Uskayaw.
 16217 | Spider:4 | Entered Level 4 of the Spider Nest
 16230 | Spider:4 | Noticed Donald
 16240 | Spider:4 | Reached skill level 17 in Fighting
 16241 | Spider:4 | Reached skill level 10 in Invocations
 16242 | Spider:4 | Slain by a culicivora

Illustrated notes

Levels and vault maps discovered:
D:1:      dpeg_arrival_round_b, layout_rooms,
          shapermc_ecumenical_altar_totnotflames
D:2:      layout_loops_ring, minmay_misc_feat_enclosed, serial_park_tiny_pond,
          serial_bayou_lagoon_a
D:3:      layout_basic, marbit_many_paths
D:4:      layout_loops_ring, nicolae_gozag_cash_rules_everything_around_me,
          minmay_temple_entry_drinking_statues, gup_sewer_entry_spiral,
          uniq_duvessa
D:5:      layout_loops_ring, okawaru_metal_pillars_3,
          chequers_ossuary_entry_cave
D:6:      layout_rooms, general_overflow_altar
D:7:      layout_basic, kennysheep_potato, uniq_maurice
D:8:      layout_basic, lemuel_round_altar, lemuel_coloured_pillars_altar,
          chequers_serial_rivers_micro_e, uniq_amaemon
D:9:      layout_gridville
D:10:     layout_roguey, nemelex_diamond_rough_becter, erik_lair_orcish_takeover
D:11:     layout_roguey, orc_david_3, special_room [special_room_kobold],
          serial_shops, shop
D:12:     minmay_triangles_in_corner, layout_cave_pools, chequers_big_river
D:13:     layout_roguey, biasface_ghost_orc_armoury, lemuel_another_geyser
D:14:     layout_long_grid, skrybe_vaults_entry_preservation, serial_shops,
          nicolae_shop_gaudy_bauble, dreamdust_princess_bridge
Temple:   regret_index_temple_waves
Lair:1:   layout_cellular_growth
Lair:2:   layout_long_grid, spider_nest_entry_funnel_web
Lair:3:   layout_loops_ring, skrybe_swamp_entry_bodies, serial_bayou_shore_a,
          grunt_megastairs_4
Lair:4:   layout_regular_city, slime_entry_1, nicolae_volcano_entry_two_sided,
          uniq_snorg, uniq_nessos
Lair:5:   grunt_lair_end_beastmaster, layout_loops_ring, dpeg_stationary_puzzle,
          grunt_megastairs_5
Spider:1: nicolae_spider_jumping_over_cracks [nicolae_spider_jumping_sub_lake,
          nicolae_spider_jumping_sub_no_exit, nicolae_spider_jumping_sub_rim,
          nicolae_spider_jumping_sub_shuffled], nicolae_spider_altar_of_dancing
Spider:2: layout_spider_delve, drop_trap, hangedman_spider_tarantella_strand
Spider:3: layout_cave_pods
Spider:4: hellmonk_spider_rune_bug_friends, nicolae_orb_island, uniq_aizul,
          uniq_arachne, uniq_donald

Skill      XL: |  1  2  3  4  5  6  7  8  9 10 11 12 13 14 15 16 |
---------------+-------------------------------------------------+-----
Axes           | 3 5 6 7 9 10 11 | 11.9
Fighting       | 4 5 6 7 8 9 10 11 13 14 16 17 | 17.0
Shields        | 4 5 6 7 8 9 10 11 12 13 15 16 | 16.0
Armour         | 4 5 6 7 8 9 10 11 12 13 14 | 14.6
Invocations    | 2 4 6 7 8 9 10 | 10.0
Maces & Flails | 4 7 10 11 | 11.9
Dodging        | 4 5 7 8 |  8.0
Throwing       | 1 3 5 6 |  6.6

Action                     |  1- 3 |  4- 6 |  7- 9 | 10-12 | 13-15 | 16-18 || total
---------------------------+-------+-------+-------+-------+-------+-------++-------
  Melee: War axe           |    16 |       |    76 |       |       |       ||    92
         Whip              |   102 |   130 |   172 |       |     8 |       ||   412
         Headbutt          |    13 |    19 |    52 |    93 |   217 |    68 ||   462
         Mace              |       |       |    42 |   134 |   385 |   136 ||   697
         Demon whip        |       |       |       |   210 |    93 |       ||   303
         Hand axe          |       |       |       |    82 |       |       ||    82
         Broad axe         |       |       |       |       |   204 |   141 ||   345
   Fire: Sling             |       |       |       |     2 |       |       ||     2
  Throw: Boomerang         |     7 |       |    12 |    11 |     5 |       ||    35
         Dart              |       |       |       |       |       |     9 ||     9
 Invoke: Elemental Force   |       |       |       |     1 |       |       ||     1
    Use: Scroll            |     8 |       |     9 |    16 |     6 |     1 ||    40
         Potion            |       |     2 |     2 |     3 |     2 |     3 ||    12
   Stab: Distracted        |       |       |       |     3 |       |       ||     3
         Petrified         |       |       |       |       |    12 |       ||    12
         Petrifying        |       |       |       |       |     4 |       ||     4
 Armour: Scale mail        |    58 |    63 |    28 |       |       |       ||   149
         Chain mail        |       |       |    68 |    75 |   357 |   241 ||   741
         Plate armour      |       |       |       |    79 |       |       ||    79
         Ring mail         |       |       |       |   103 |    20 |       ||   123
  Dodge: Dodged            |    54 |    77 |   141 |   161 |   349 |   246 ||  1028
         Repelled          |       |       |       |       |     4 |     1 ||     5
  Block: Buckler           |    31 |    33 |   176 |   100 |       |       ||   340
         Kite shield       |       |       |       |   295 |   866 |   483 ||  1644
         Form:             |       |       |     1 |       |       |       ||     1
         Storm             |       |       |     1 |       |       |       ||     1
